AoeStats
← schmeno

Arena

509769045Analyzed
3v3 RM · 5d ago on Sep 28, 2026· 43m 51s· 6 players
Game mode
Random Map
Map size
Normal (6 player)
Population
200
Speed
Normal
Resources
Standard
Victory
Conquest
Starting age
Dark Age
Ending age
Imperial Age
RankedLock teamsTeams togetherTeam positionsShared explorationLock speedFull tech treeHidden civsTurbo modeCheats
Victory
Defeat
🇺🇸 Danes · United States
1136
+16
🇺🇸 Lithuanians · United States
1129
+16
🇺🇸 Italians · United States
1009
+21
🇺🇸 Dravidians · United States
1219
-21
🇺🇸 Khmer · United States
1080
-16
🇺🇸 Armenians · United States
1080
-16
schmeno
10:23 Feudal Age
14:20 Castle Age
12:36 Double-Bit Axe
12:52 Horse Collar
14:44 Loom
18:23 Fervor
19:52 Wheelbarrow
21:24 Town Watch
22:54 Stone Mining
24:07 Gold Mining
24:59 Bow Saw
26:33 Heavy Plow
29:51 Imperial Age
28:04 Scale Barding Armor
28:11 Forging
29:16 Chain Barding Armor
30:22 Iron Casting
31:31 Chemistry
32:19 Plate Barding Armor
32:45 Elite Leitis
35:27 Elite Skirmisher
36:28 Tower Shields
37:19 Bloodlines
37:13 Husbandry
37:18 Fletching
37:29 Padded Archer Armor
38:49 Thumb Ring
39:05 Bodkin Arrow
40:00 Herbal Medicine
41:33 Ballistics
41:17 Bracer
Tired Cock
10:11 Feudal Age
11:53 Loom
14:49 Castle Age
12:50 Horse Collar
14:37 Double-Bit Axe
20:17 Wheelbarrow
21:48 Fletching
22:57 Bow Saw
26:50 Ballistics
31:53 Imperial Age
31:00 Hand Cart
32:45 Squires
32:33 Arson
32:34 Gambesons
32:37 Heavy Scorpion
33:14 Hamask
35:13 Siege Engineers
36:09 Chemistry
35:06 Murder Holes
41:05 Husbandry
42:00 Bloodlines
41:52 Scale Mail Armor
42:06 Northmen's Fury
43:42 Scale Barding Armor
43:04 Light Cavalry
Simon Nelson Cook
12:05 Feudal Age
16:01 Castle Age
13:55 Double-Bit Axe
13:53 Horse Collar
14:21 Fletching
17:09 Bow Saw
17:12 Heavy Plow
21:54 Bodkin Arrow
23:30 Padded Archer Armor
24:00 Ballistics
25:59 Wheelbarrow
25:14 Loom
28:08 Gold Mining
31:13 Imperial Age
30:38 Leather Archer Armor
30:25 Stone Mining
31:03 Hand Cart
31:16 Fortified Wall
31:03 Murder Holes
33:03 Chemistry
32:45 Bracer
33:42 Conscription
34:35 Thumb Ring
34:01 Elite Genoese Crossbowman
34:08 Elite Genoese Crossbowman
36:25 Two-Man Saw
37:33 Ring Archer Armor
KapnKrunchPhD
3:48 Loom
9:54 Feudal Age
10:30 Feudal Age
11:39 Man-at-Arms
12:40 Double-Bit Axe
12:43 Long Swordsman
13:51 Horse Collar
19:53 Castle Age
20:01 Scale Mail Armor
20:12 Forging
20:09 Two-Handed Swordsman
20:50 Squires
24:21 Chain Mail Armor
26:14 Iron Casting
25:42 Padded Archer Armor
26:39 Arson
27:57 Wheelbarrow
29:41 Heavy Plow
31:20 Elite Skirmisher
36:18 Imperial Age
34:20 Champion
34:46 Gambesons
34:45 Pikeman
38:00 Leather Archer Armor
39:10 Chemistry
38:31 Ballistics
38:06 Fletching
39:00 Capped Ram
39:50 Halberdier
the Obvious Troll
2:41 Loom
9:15 Feudal Age
11:49 Feudal Age
14:46 Double-Bit Axe
17:19 Castle Age
17:19 Scale Barding Armor
17:25 Forging
20:53 Wheelbarrow
20:40 Chain Barding Armor
23:07 Husbandry
24:11 Horse Collar
25:21 Town Watch
26:11 Bow Saw
28:07 Hand Cart
28:06 Heavy Plow
36:16 Imperial Age
35:38 Ballistics
37:02 Siege Engineers
37:01 Double Crossbow
37:22 Conscription
37:04 Heavy Scorpion
QuailzEnFire903
10:19 Feudal Age
14:15 Castle Age
12:36 Double-Bit Axe
13:44 Horse Collar
16:52 Wheelbarrow
17:48 Gold Mining
18:42 Bow Saw
22:21 Hand Cart
23:02 Heavy Plow
23:05 Loom
25:31 Fletching
25:41 Padded Archer Armor
28:15 Imperial Age
26:09 Ballistics
26:10 Bodkin Arrow
27:08 Leather Archer Armor
27:52 Husbandry
28:42 Thumb Ring
30:18 Chemistry
29:46 Bracer
30:22 Ring Archer Armor
30:13 Elite Elephant Archer
33:06 Medical Corps
37:00 Pikeman
37:41 Squires
37:27 Arson
38:22 Wootz Steel
38:24 Conscription
38:12 Scale Mail Armor
38:22 Forging
37:43 Man-at-Arms
38:09 Gambesons
39:49 Chain Mail Armor
40:30 Iron Casting
39:48 Long Swordsman
40:40 Onager
42:31 Plate Mail Armor
42:01 Two-Handed Swordsman
42:20 Halberdier
Connection lost

Rejoining the realm…

Still unreachable

The connection could not be restored.

Session expired

The server has moved on; the page needs a fresh start.